 Dungeon Crawl Stone Soup version 0.21.1-1-g345015f (webtiles) character file.

87 shakethe the Chopper (level 4, -5/35 HPs)
             Began as a Demonspawn Fighter on Feb 17, 2018.
             Slain by bmj180's ghost (8 damage)
             ... on level 3 of the Dungeon.
             The game lasted 00:04:36 (2016 turns).

shakethe the Chopper (Demonspawn Fighter)           Turns: 2016, Time: 00:04:36

Health: -5/35      AC: 11    Str: 17    XL:     4   Next: 28%
Magic:  4/4        EV:  3    Int: 10    God:
Gold:   96         SH:  0    Dex: 12    Spells: 3/3 levels left

rFire    . . .     SeeInvis .   a - +0 war axe
rCold    . . .     Gourm    .   c - +0 shield
rNeg     . . .     Faith    .   b - +0 scale mail
rPois    .         Spirit   .   (helmet restricted)
rElec    .         Reflect  .   (no cloak)
rCorr    .         Harm     .   o - +0 pair of gloves
MR       .....                  i - +0 pair of boots
Stlth    ..........             (no amulet)
HPRegen  0.11/turn              (no ring)
MPRegen  0.09/turn              (no ring)

@: held
A: horns 1, yellow scales 1
a: no special abilities


You were on level 3 of the Dungeon.
You were not hungry.

You visited 1 branch of the dungeon, and saw 3 of its levels.

You collected 96 gold pieces.

Inventory:

Hand Weapons
 a - a +0 war axe (weapon)
Armour
 b - a +0 scale mail (worn)
 c - a +0 shield (worn)
 i - a +0 pair of boots (worn)
   (You found it on level 1 of the Dungeon)
 j - a +0 plate armour
   (You found it on level 1 of the Dungeon)
 o - a +0 pair of gloves (worn)
   (You found it on level 1 of the Dungeon)
 q - a +0 ring mail of magic resistance
   (You found it on level 2 of the Dungeon)
Jewellery
 r - an uncursed ring of poison resistance {unknown}
   (You took it off a hobgoblin on level 2 of the Dungeon)
Scrolls
 g - a scroll of fog {unknown}
 h - a scroll of enchant armour {unknown}
 l - a scroll of magic mapping {unknown}
 m - 4 scrolls of identify {unknown}
 p - a scroll of remove curse {unknown}
 s - 2 scrolls of enchant weapon {unknown}
 u - a scroll of random uselessness {unknown}
 w - a scroll of teleportation {unknown}
Potions
 d - a potion of might
 e - a potion of brilliance {unknown}
 k - a potion of agility {unknown}
 n - a potion of heal wounds {unknown}
 t - a potion of flight {unknown}
 v - 2 potions of mutation {unknown}
Comestibles
 f - 5 rations


   Skills:
 - Level 3.0 Fighting
 * Level 3.7 Axes
 + Level 3.2 Armour
 - Level 2.6 Shields


You had 3 spell levels left.
You didn't know any spells.

Dungeon Overview and Level Annotations

Branches:
Dungeon (3/15)

Altars:

Annotations:
D:3 bmj180's ghost, amateur HOFi


Innate Abilities, Weirdness & Mutations

You have a pair of small horns on your head.
You are partially covered in yellow scales. (AC +2)


Message History

Health restored: 35 You barely miss the orc.
The orc hits you but does no damage.
You slash the orc!
You kill the orc!
You slash the orc!
You kill the orc!
You closely miss the orc. The orc hits you but does no damage.
You barely miss the orc. You headbutt the orc, but do no damage.
You block the orc's attack. The orc hits you but does no damage.
You closely miss the orc. The orc hits you but does no damage.
You are electrocuted!
You take 14 damage, and have 21/35 hp.
MASSIVE DAMAGE!!
You slash the orc!
You kill the orc!
You closely miss the rat. Your headbutt misses the rat.
You block the rat's attack.
The rat twitches its whiskers.
You block the rat's attack.
You hit the rat but do no damage. You block the rat's attack.
You closely miss the rat. The rat bites you but does no damage.
You hit the rat but do no damage. The rat bites you but does no damage.
You closely miss the rat. Your headbutt misses the rat.
The rat bites you but does no damage. x2
You hit the rat. The rat bites you.
Your shield prevents you from hitting the rat.
The rat bites you but does no damage. You block the rat's attack.
You completely miss the rat. You headbutt the rat, but do no damage.
You block the rat's attack.
You hit the rat.
You kill the rat!
You hit the orc. The orc hits you but does no damage. x2
You barely miss the orc. The orc hits you but does no damage.
You slash the orc!
You kill the orc!
A giant cockroach comes into view.
Items here: ))) [ ††††† You block the giant cockroach's attack.
You completely miss the giant cockroach.
The giant cockroach bites you but does no damage.
You block the giant cockroach's attack.
Your shield and scale mail prevent you from hitting the giant cockroach.
You kill the giant cockroach!
You see here a giant cockroach corpse.
You hear the slow rusting of a distant drain.
A worm comes into view.
You see here a giant cockroach corpse.
Items here: ))) [ †††††
Items here: ))) [ ††††† You block the worm's attack.
You hit the worm. You slash the worm! You headbutt the worm.
You block the worm's attack.
You slash the worm!
You kill the worm!
You see here a giant cockroach corpse.
You see here a giant cockroach corpse.
You butcher the giant cockroach corpse.
x - a chunk of flesh {@w0} Eating a chunk of flesh {@w0}.
You eat the chunk of flesh {@w0}.
Okay, then.
Items here: ))) [ †††††
Okay, then.
You hear the slow rusting of a distant drain.
A hobgoblin comes into view.
You regained 3 hp, and now have 28/35 hp.
A hobgoblin is nearby!
The hobgoblin shouts!
The hobgoblin throws a throwing net.
You block the throwing net.
You see here a throwing net {=f, !d}.
Bmj180's ghost (amateur Hill Orc Fighter) comes into view.
Bmj180's ghost turns its malevolent gaze towards you.
The hobgoblin hits you but does no damage.
You closely miss the hobgoblin.
The hobgoblin hits you but does no damage.
Bmj180's ghost hits you.
You take 6 damage, and have 23/35 hp.
You barely miss bmj180's ghost. Your headbutt misses bmj180's ghost.
You closely miss the hobgoblin. The hobgoblin hits you.
Bmj180's ghost hits you but does no damage.
You block the hobgoblin's attack.
You take 3 damage, and have 20/35 hp.
You are too injured to fight recklessly!
You slash bmj180's ghost! You closely miss the hobgoblin.
Bmj180's ghost hits you!
The hobgoblin hits you but does no damage.
You take 7 damage, and have 13/35 hp.
Your shield and scale mail prevent you from hitting the hobgoblin.
Your headbutt misses the hobgoblin.
Your shield and scale mail prevent you from hitting bmj180's ghost.
Bmj180's ghost hits you.
* * * LOW HITPOINT WARNING * * *
You block the hobgoblin's attack. Bmj180's ghost hits you.
* * * LOW HITPOINT WARNING * * *
You take 11 damage, and have 2/35 hp.
MASSIVE DAMAGE!!
The hobgoblin throws a throwing net.
The throwing net hits you.
You become entangled in the net!
You see here a throwing net {=f, !d}.
You struggle against the net.
Bmj180's ghost hits you!
You die...

#.....#........#
'..(.......#.#..
#.....##.#.#.#.#
..##...#.#.#.#.#
#.##.#.#.#.#.#(# .#.
#.##.#.#.#.#.#.##
.....#####.##.#.#.#.#.....
........g(......#.#...#.#.
.........W@................
#.############.###.#.#...#.
... .....#.#.#####. #.#
###.#.#)#.....#. #.#
#.#.#.#####.#. #.# #.#.#.#
#. #.# #.#.#.# #. #<#
#.#.#.# #. #.# #.#.#.#


You could see bmj180's ghost and a hobgoblin.

Vanquished Creatures
  4 worms
  3 dart slugs (D:2)
  A leopard gecko (D:1)
  4 orcs (D:3)
  5 bats (D:1)
  4 giant cockroaches
  10 goblins
  10 hobgoblins
  7 kobolds
  A quokka (D:2)
  A frilled lizard (D:1)
  9 rats
59 creatures vanquished.

Notes
Turn   | Place    | Note
-------+----------+-------------------------------------------
     0 | D:1      | shakethe the Demonspawn Fighter began the quest for the Orb.
     0 | D:1      | Reached XP level 1. HP: 18/18 MP: 1/1
    32 | D:1      | Reached skill level 2 in Axes
    59 | D:1      | Gained mutation: You are partially covered in yellow scales. (AC +2) [demonic ancestry]
    59 | D:1      | Reached XP level 2. HP: 24/24 MP: 2/2
   242 | D:1      | HP: 6/24 [poisoned by a goblin]
   250 | D:1      | HP: 5/24 [poisoned by a goblin]
   580 | D:1      | Reached skill level 3 in Axes
   676 | D:1      | Reached XP level 3. HP: 29/29 MP: 3/3
  1045 | D:2      | Reached skill level 3 in Armour
  1334 | D:2      | HP: 4/29 [worm (9)]
  1695 | D:2      | Gained mutation: You have a pair of small horns on your head. [demonic ancestry]
  1695 | D:2      | Reached XP level 4. HP: 35/35 MP: 4/4
  2009 | D:3      | Noticed bmj180's ghost (amateur HOFi)
  2014 | D:3      | HP: 8/35 [bmj180's ghost (5)]
  2014 | D:3      | HP: 2/35 [bmj180's ghost (6)]
  2016 | D:3      | Slain by bmj180's ghost

Skill      XL: |  1  2  3 |
---------------+----------+-----
Axes           | 2 3 |  3.7
Armour         | 3 |  3.2
Fighting       | |  3.0
Shields        | |  2.6

Action                   |  1- 3 |  4- 6 || total
-------------------------+-------+-------++-------
Melee: War axe           |   148 |    34 ||   182
       Headbutt          |       |     6 ||     6
  Eat: Chunk             |     1 |     3 ||     4
Armor: Scale mail        |    80 |    20 ||   100
Dodge: Dodged            |    34 |     3 ||    37
Block: Shield            |    90 |    15 ||   105

Vault maps used:
D:1:      saegor_arrival_simple_a
D:2:      serial_corexii_hall, corexii_hall_statues_u, corexii_hall_statues_i,
          first_ration
D:3:      portal_sewer_entry_f

Table legend:
 A = Turns spent in this place as a percentage of turns spent in the entire game.
 B = Non-inter-level travel turns spent in this place as a percentage of non-inter-level travel turns spent in the entire game.
 C = Inter-level travel turns spent in this place as a percentage of turns spent in this place.
 D = Turns resting spent in this place as a percentage of non-inter-level travel turns spent in this place.
 E = Turns spent auto-exploring this place as a percentage of non-inter-level travel turns spent in this place.
 F = Non-inter-level travel turns spent in this place divided by the number of levels of this place that you've seen.
                   A       B       C       D       E      F
               +-------+-------+-------+-------+-------+----------------------
         Total | 100.0 | 100.0 |   0.0 |  24.5 |  46.6 | 672.0
       Dungeon | 100.0 | 100.0 |   0.0 |  24.5 |  46.6 | 672.0
               +-------+-------+-------+-------+-------+----------------------

Table legend:
 A = Kills in this place as a percentage of kills in entire the game.
 B = Kills by you in this place as a percentage of kills by you in the entire game.
 C = Kills by friends in this place as a percentage of kills by friends in the entire game.
 D = Other kills in this place as a percentage of other kills in the entire game.
 E = Experience gained in this place as a percentage of experience gained in the entire game.
 F = Experience gained in this place divided by the number of levels of this place that you have seen.
                   A       B       C       D       E      F
               +-------+-------+-------+-------+-------+----------------------
         Total | 100.0 | 100.0 |   N/A |   N/A | 100.0 |  41.7
       Dungeon | 100.0 | 100.0 |   N/A |   N/A | 100.0 |  41.7
               +-------+-------+-------+-------+-------+----------------------
